 Dungeon Crawl Stone Soup version 0.29.1-4-g47bece8355 (webtiles) character file.

Game seed: 619800443032238670

8427 Jod the Severer (level 11, -37/89 HPs)
             Began as a Minotaur Fighter on Dec 8, 2022.
             Was an Elder of Cheibriados.
             Annihilated by a titanic slime creature (68 damage)
             ... on level 12 of the Dungeon on Dec 10, 2022.
             The game lasted 01:01:02 (5266 turns).

Jod the Severer (Minotaur Fighter)                  Turns: 5266, Time: 01:01:02

Health: -37/89     AC: 11    Str: 36    XL:     11   Next: 9%
Magic:  10/10      EV: 10    Int: 15    God:    Cheibriados [****..]
Gold:   637        SH:  5    Dex: 19    Spells: 7/10 levels left

rFire   + . .      SeeInvis .   a - +0 war axe
rCold   . . .      Faith    .   c - +0 buckler
rNeg    . . .      Spirit   .   q - +3 leather armour {rPois}
rPois   +          Reflect  .   (helmet restricted)
rElec   .          Harm     .   (no cloak)
rCorr   .          Rampage  .   z - +2 pair of gloves
Will    .....                   C - +0 pair of boots
Stlth   +.........              r - amulet of regeneration
HPRegen 1.04/turn               n - ring of protection from fire
MPRegen 0.12/turn               (no ring)

@: about to teleport, very slow
A: horns 2, retaliatory headbutt
a: Renounce Religion, Bend Time, Temporal Distortion, Slouch


You were on level 12 of the Dungeon.
You worshipped Cheibriados.
Cheibriados was greatly pleased with you.
You visited 2 branches of the dungeon, and saw 13 of its levels.

You collected 637 gold pieces.

Inventory:

Hand Weapons
 a - a +0 war axe (weapon)
 f - the +10 whip "Nearch" {flame, rPois rF- Dex+6}
   (You found it on level 11 of the Dungeon)

   It burns those it strikes, dealing additional fire damage.
   Dex:       It affects your dexterity (+6).
   rF:        It makes you vulnerable to fire.
   rPois:     It protects you from poison.
 F - a +0 battleaxe
Armour
 b - a +0 scale mail
 c - a +0 buckler (worn)
 q - a +3 leather armour of poison resistance (worn)
 y - +0 acid dragon scales
 z - a +2 pair of gloves (worn)
 C - a +0 pair of boots (worn)
 G - a +0 troll leather armour
Jewellery
 n - a ring of protection from fire (left hand)
 o - an amulet of reflection
 r - an amulet of regeneration (around neck)
Wands
 m - a wand of acid (18)
 p - a wand of charming (4)
 x - a wand of flame (10)
 B - a wand of mindburst (19)
Scrolls
 e - 3 scrolls of blinking
 g - 2 scrolls of teleportation
 h - 2 scrolls of amnesia
 i - 2 scrolls of fog
 j - 2 scrolls of summoning
 u - 5 scrolls of immolation
 E - a scroll of enchant weapon
 H - a scroll of poison {unknown}
Potions
 d - 5 potions of might
 k - a potion of invisibility
 l - 2 potions of heal wounds
 s - 3 potions of resistance
 t - 3 potions of ambrosia
 v - a potion of lignification
 w - 2 potions of flight
 A - a potion of curing
 D - 2 potions of brilliance
 I - a potion of mutation {unknown}


   Skills:
 + Level 6.1 Fighting
 + Level 16.7 Axes
 - Level 6.0 Armour
 - Level 3.6 Shields
 + Level 5.9 Translocations


You had 7 spell levels left.
You knew the following spells:

 Your Spells              Type           Power      Damage    Failure   Level
a - Lesser Beckoning      Tloc           17%        N/A       10%         3

Your spell library contained the following spells:

 Spells                   Type           Power      Damage    Failure   Level
 Blink                    Tloc           34%        N/A       4%          2
 Sandblast                Erth           0%         2d4       36%         1
 Passwall                 Tmut/Erth      0%         N/A       50%         2
 Manifold Assault         Tloc           17%        N/A       67%         5
 Stone Arrow              Conj/Erth      0%         3d7       75%         3
 Iskenderun's Mystic Bla  Conj/Tloc      8%         2d4       75%         4
 Fulminant Prism          Conj/Hex       0%         3d6       98%         4
 Freezing Cloud           Conj/Ice/Air   0%         6-21      100%        5
 Lee's Rapid Deconstruct  Erth           0%         3d5*      100%        5
 Simulacrum               Ice/Necr       0%         N/A       100%        6
 Polar Vortex             Ice            0%         N/A       100%        9


Dungeon Overview and Level Annotations

Branches:
Dungeon (12/15)            Temple (1/1) D:4
   Lair: D:8-11         Orc: D:9-12

Altars:
Ashenzari
Cheibriados
Dithmenos
Elyvilon
Fedhas
Gozag
Hepliaklqana
Makhleb
Nemelex Xobeh
Okawaru
Ru
Trog
Uskayaw
Wu Jian
Xom
Zin


Innate Abilities, Weirdness & Mutations

You have a pair of horns on your head.
You reflexively headbutt those who attack you in melee.


Message History

You slice the large slime creature!!
The large slime creature is moderately wounded.
You hit the large slime creature but do no damage.
You headbutt the large slime creature.
The large slime creature is heavily wounded.
Two slime creatures merge to form a very large slime creature.
You hit the very large slime creature.
You headbutt the very large slime creature!
The very large slime creature is moderately wounded.
A slime creature comes into view.
You slice the very large slime creature!!
The very large slime creature is heavily wounded.
Two slime creatures merge to form an enormous slime creature.
A slime creature comes into view.
You slash the enormous slime creature!
You headbutt the enormous slime creature.
The enormous slime creature is moderately wounded.
The enormous slime creature hits you!!!!
Ouch! That really hurt!
* * * LOW HITPOINT WARNING * * *
Two slime creatures merge to form a titanic slime creature.
Okay, then.
Aiming: Charm
Press: ? - help, Shift-Dir - straight line, f - titanic slime creature
Aim: a titanic slime creature (moderately wounded, chance to affect: 31%)
Okay, then.
You feel much better.
As you read the scroll of teleportation, it crumbles to dust.
You feel strangely unstable.
You slice the titanic slime creature!!
The titanic slime creature is moderately wounded.
The titanic slime creature barely misses you.
You furiously retaliate!
You headbutt the titanic slime creature!
Unknown command.
You slice the titanic slime creature!!
The titanic slime creature is heavily wounded.
The titanic slime creature hits you!!!
Ouch! That really hurt!
You die...

#.#.# ###
#.#.# #..
#.#.###.#
#..#.##.# #
##.###.#.##.#
##.##
##..!..##..
#.##
##........
##.##
##J.#####..
##.###@#.#
##.#.##.#
##.###J# ###
#.# #J# ..J
.#


You could see a titanic slime creature.

Vanquished Creatures
  2 boulder beetles
  2 cyclopes (D:11)
  A manticore (D:10)
  An ugly thing (D:11)
  An unseen horror (D:11)
  3 trolls
  A slime creature (D:12)
  A vampire (D:11)
  Grum (D:11)
  4 vampire mosquitoes (D:11)
  4 steam dragons (D:9)
  2 acid dragons
  A water moccasin (D:6)
  3 orc warriors
  An ice beast (D:5)
  An ogre (D:5)
  4 sky beasts
  2 wolves (D:11)
  A centaur (D:9)
  2 phantoms
  4 bullfrogs
  A wight (D:9)
  10 killer bees
  3 howler monkeys (D:9)
  A hound (D:6)
  9 orc priests
  A jelly (D:6)
  2 gnoll boudas
  2 iguanas
  Ijyb (D:3)
  7 orc wizards
  9 gnolls
  10 adders
  A white imp (D:7)
  5 dart slugs
  33 orcs
  5 endoplasms
  3 giant cockroaches
  10 hobgoblins
  4 jackals (D:1)
  4 quokkas
  3 ball pythons
  3 bats
  A frilled lizard (D:2)
  6 goblins
  5 rats
181 creatures vanquished.

Notes
Turn   | Place    | Note
-------+----------+-------------------------------------------
     0 | D:1      | Jod the Minotaur Fighter began the quest for the Orb.
     0 | D:1      | Reached XP level 1. HP: 19/19 MP: 0/0
   157 | D:1      | Reached skill level 3 in Axes
   207 | D:1      | Reached XP level 2. HP: 26/26 MP: 1/1
   327 | D:2      | Reached skill level 4 in Axes
   375 | D:2      | Reached XP level 3. HP: 22/31 MP: 2/2
   639 | D:3      | Noticed Ijyb
   656 | D:3      | Killed Ijyb
   657 | D:3      | Reached skill level 5 in Axes
   657 | D:3      | Reached XP level 4. HP: 11/39 MP: 3/3
   995 | D:3      | Found a faded altar of an unknown god.
  1037 | D:3      | Reached skill level 6 in Axes
  1045 | D:3      | Reached XP level 5. HP: 45/45 MP: 4/4
  1154 | D:4      | Found a staircase to the Ecumenical Temple.
  1161 | Temple   | Entered the Ecumenical Temple
  1304 | Temple   | Became a worshipper of Cheibriados the Contemplative
  1445 | D:4      | Reached skill level 7 in Axes
  1733 | D:5      | Entered Level 5 of the Dungeon
  1742 | D:5      | Reached XP level 6. HP: 31/51 MP: 5/5
  1789 | D:5      | Reached * piety under Cheibriados
  1793 | D:5      | Reached skill level 8 in Axes
  1888 | D:5      | Noticed an ice beast
  1897 | D:5      | Killed an ice beast
  1919 | D:5      | Reached skill level 9 in Axes
  1919 | D:5      | Reached XP level 7. HP: 57/57 MP: 6/6
  2010 | D:5      | Reached skill level 10 in Axes
  2140 | D:6      | Reached skill level 11 in Axes
  2223 | D:6      | Reached XP level 8. HP: 63/64 MP: 7/7
  2238 | D:6      | Found a sacrificial altar of Ru.
  2246 | D:6      | Reached ** piety under Cheibriados
  2546 | D:7      | Reached skill level 12 in Axes
  2667 | D:7      | Reached skill level 13 in Axes
  2879 | D:7      | Found a hide-covered altar of Uskayaw.
  2983 | D:8      | Reached *** piety under Cheibriados
  3108 | D:8      | Reached skill level 14 in Axes
  3108 | D:8      | Reached XP level 9. HP: 66/70 MP: 8/8
  3210 | D:8      | Learned a level 3 spell: Lesser Beckoning
  3444 | D:9      | Found a burning altar of Makhleb.
  3446 | D:9      | Noticed a balrug
  3447 | D:9      | Found a glowing silver altar of Zin.
  3448 | D:9      | Noticed an angel
  3603 | D:9      | Reached skill level 1 in Translocations
  3802 | D:9      | Reached skill level 5 in Fighting
  3816 | D:9      | Reached skill level 5 in Armour
  3849 | D:9      | Reached **** piety under Cheibriados
  4024 | D:10     | Entered Level 10 of the Dungeon
  4025 | D:10     | Noticed a troll
  4036 | D:10     | Killed a troll
  4036 | D:10     | Noticed a troll
  4047 | D:10     | Killed a troll
  4048 | D:10     | Reached skill level 15 in Axes
  4048 | D:10     | Reached XP level 10. HP: 44/83 MP: 9/9
  4085 | D:10     | Noticed a manticore
  4093 | D:10     | Killed a manticore
  4522 | D:11     | Noticed a cyclops
  4537 | D:11     | Killed a cyclops
  4573 | D:11     | Noticed a purple ugly thing
  4583 | D:11     | Killed a purple ugly thing
  4639 | D:11     | Identified the +10 whip "Nearch" {flame, rPois rF- Dex+6}
  4757 | D:11     | Noticed a cyclops
  4772 | D:11     | Killed a cyclops
  4816 | D:11     | Reached skill level 16 in Axes
  4822 | D:11     | Reached skill level 5 in Translocations
  5022 | D:11     | Noticed a boulder beetle
  5049 | D:11     | Killed a boulder beetle
  5088 | D:11     | Noticed Grum
  5102 | D:11     | Killed Grum
  5140 | D:12     | Noticed a boulder beetle
  5188 | D:12     | Killed a boulder beetle
  5189 | D:12     | Reached XP level 11. HP: 48/89 MP: 10/10
  5266 | D:12     | Annihilated by a titanic slime creature

Illustrated notes

Levels and vault maps discovered:
D:1:      dpeg_arrival_boxes_within_box, layout_basic
D:2:      minmay_roachtagon, layout_basic, kennysheep_generic_room_4
D:3:      layout_basic, old_standard_altar, dreamdust_ecumenical_altar_grove,
          grunt_ministairs_14, minmay_misc_feat_roman, uniq_ijyb
D:4:      layout_loops_ring, minmay_temple_entry_mini_moons, serial_bayou_lake_a
D:5:      layout_rooms, hangedman_decor_lopped, uniq_duvessa
D:6:      layout_loops_ring, nicolae_ru_sacrificial_ziggurat,
          lemuel_crystal_altar
D:7:      layout_layer_cave, nicolae_overflow_crystal_walls
D:8:      layout_basic, dk_noncrumbling_4
D:9:      layout_cave_pods, grunt_temple_overflow_order_and_chaos_2,
          palyth_temple_overflow_mages, tso_altar, chequers_garden,
          hangedman_misty_isle
D:10:     layout_basic, dpeg_lair_monsters, uniq_sonja
D:11:     layout_loops_corners, uniq_grum
D:12:     layout_loops_ring, kennysheep_orc_monster_closet_entryway,
          chequers_serial_rivers_small_b, grunt_ministairs_10
Temple:   nicolae_temple_slightly_damp_pantheon

Skill      XL: |  1  2  3  4  5  6  7  8  9 10 |
---------------+-------------------------------+-----
Axes           | 3 4 5 6 7 9 11 14 15 16 | 16.7
Fighting       | 6 |  6.1
Armour         | 6 |  6.0
Translocations | 3 5 |  5.9
Shields        | |  3.6

Action                   |  1- 3 |  4- 6 |  7- 9 | 10-12 || total
-------------------------+-------+-------+-------+-------++-------
Melee: War axe           |    73 |   101 |   239 |   125 ||   538
       Headbutt          |     7 |    13 |    55 |    45 ||   120
Evoke: Wand              |     2 |     9 |     1 |     1 ||    13
  Use: Scroll            |       |     8 |    12 |     3 ||    23
       Potion            |       |     1 |     2 |     1 ||     4
 Stab: Sleeping          |       |       |       |     1 ||     1
Armor: Scale mail        |    29 |       |       |       ||    29
       Leather armour    |       |    36 |    73 |    39 ||   148
Dodge: Dodged            |    36 |    52 |    89 |    28 ||   205
Block: Buckler           |    11 |    19 |    42 |    22 ||    94
